AoeStats
← |GaoeG| flamingo

Fortress

508717292Analyzed
4v4 RM · 9d ago on Sep 23, 2026· 64m 37s· 8 players
Game mode
Random Map
Map size
Huge
Population
200
Speed
Normal
Resources
Standard
Victory
Conquest
Starting age
Dark Age
Ending age
Imperial Age
RankedLock teamsTeams togetherTeam positionsShared explorationLock speedFull tech treeHidden civsTurbo modeCheats
Victory
Defeat
🇨🇿 Danes · Czechia
1210
+12
🇪🇬 Burgundians · Egypt
1107
+17
🇧🇷 Bohemians · Brazil
1087
+18
🇧🇪 Chinese · Belgium
1076
+18
🇪🇸 Khmer · Spain
1317
-23
🇪🇸 Berbers · Spain
1258
-21
🇪🇸 Vietnamese · Spain
1152
-17
🇪🇸 Franks · Spain
765
-4
Mazen Azab
6:02 Wheelbarrow
5:14 Double-Bit Axe
5:13 Horse Collar
5:40 Loom
8:28 Feudal Age
9:05 Gold Mining
9:50 Bow Saw
9:55 Heavy Plow
14:56 Castle Age
12:54 Stone Mining
13:44 Gold Shaft Mining
14:42 Hand Cart
15:18 Stone Shaft Mining
19:56 Husbandry
21:04 Scale Barding Armor
20:23 Cavalier
23:44 Burgundian Vineyards
25:30 Chain Barding Armor
27:37 Two-Man Saw
27:09 Crop Rotation
28:22 Forging
37:21 Imperial Age
34:52 Pikeman
35:32 Squires
35:19 Arson
37:34 Iron Casting
37:01 Scale Mail Armor
38:50 Conscription
37:51 Elite Coustillier
38:20 Halberdier
42:42 Paladin
63:10 Chain Mail Armor
63:31 Plate Barding Armor
63:57 Blast Furnace
VAPO
5:42 Loom
7:48 Feudal Age
12:19 Castle Age
10:09 Double-Bit Axe
10:15 Horse Collar
13:49 Fletching
15:31 Bodkin Arrow
28:26 Imperial Age
28:03 Bow Saw
29:05 Wheelbarrow
32:34 Chemistry
32:52 Pikeman
33:32 Squires
33:47 Bracer
35:07 Halberdier
35:49 Scale Mail Armor
36:00 Forging
37:39 Two-Man Saw
37:36 Fortified Wall
38:04 Murder Holes
38:38 Chain Mail Armor
39:51 Iron Casting
41:01 Plate Mail Armor
42:04 Blast Furnace
40:48 Elite Skirmisher
41:31 Padded Archer Armor
44:24 Leather Archer Armor
45:52 Bombard Tower
50:10 Hand Cart
56:58 Houfnice
58:30 Heavy Plow
59:27 Hand Cart
60:17 Siege Engineers
AF_Atlantis_PAL
1:03 Loom
7:47 Feudal Age
12:12 Castle Age
19:26 Ballistics
20:48 Fletching
21:05 Padded Archer Armor
25:11 Town Watch
26:02 Wheelbarrow
30:45 Imperial Age
28:12 Bodkin Arrow
31:34 Pikeman
32:14 Squires
33:08 Gold Mining
33:08 Stone Mining
33:22 Bracer
33:38 Leather Archer Armor
33:52 Halberdier
35:07 Elite Chu Ko Nu
39:43 Chemistry
39:53 Forging
39:44 Scale Mail Armor
40:14 Ring Archer Armor
41:05 Caravan
41:45 Iron Casting
41:59 Conscription
44:24 Arson
47:17 Blast Furnace
46:31 Elite Fire Lancer
52:41 Elite Skirmisher
52:43 Crossbowman
53:29 Thumb Ring
54:43 Arbalester
58:05 Chain Mail Armor
57:56 Scale Barding Armor
57:34 Horse Collar
Tonix
7:09 Feudal Age
7:43 Double-Bit Axe
7:41 Horse Collar
12:47 Castle Age
11:21 Gold Mining
12:01 Scale Mail Armor
13:06 Forging
13:44 Bow Saw
16:36 Wheelbarrow
17:43 Squires
18:08 Arson
20:10 Chain Mail Armor
34:39 Imperial Age
35:08 Iron Casting
34:59 Hand Cart
34:51 Caravan
34:53 Loom
34:54 Town Watch
35:56 Conscription
35:00 Elite Jomsviking
36:05 Stone Mining
36:53 Gold Shaft Mining
37:19 Plate Mail Armor
39:28 Blast Furnace
40:08 Conscription
40:18 Hamask
42:55 Capped Ram
44:55 Siege Ram
46:20 Hoardings
58:59 Northmen's Fury
61:57 Coinage
62:28 Onager
ErafaE
2:45 Loom
8:50 Feudal Age
12:26 Castle Age
13:37 Double-Bit Axe
13:37 Horse Collar
14:41 Wheelbarrow
14:20 Bow Saw
14:24 Heavy Plow
18:44 Hand Cart
18:52 Hand Cart
18:27 Town Watch
20:06 Gold Mining
26:37 Imperial Age
24:47 Scale Mail Armor
25:08 Town Patrol
25:26 Scale Barding Armor
25:31 Forging
25:14 Fletching
26:50 Chain Barding Armor
27:34 Iron Casting
27:59 Husbandry
28:09 Bloodlines
30:35 Two-Man Saw
30:08 Crop Rotation
30:15 Plate Barding Armor
29:52 Elite Battle Elephant
31:31 Chatras
31:52 Paper Money
39:47 Chemistry
39:08 Ballistics
39:10 Siege Engineers
40:02 Padded Archer Armor
41:34 Hoardings
43:25 Pikeman
49:25 Elite Skirmisher
50:11 Thumb Ring
50:00 Fletching
50:10 Padded Archer Armor
50:44 Imperial Skirmisher
51:20 Bodkin Arrow
51:41 Leather Archer Armor
56:18 Bracer
56:49 Ring Archer Armor
62:00 Murder Holes
|GaoeG| Tifus
6:18 Loom
8:04 Feudal Age
12:24 Castle Age
10:05 Horse Collar
10:12 Double-Bit Axe
10:22 Stone Mining
15:21 Wheelbarrow
16:43 Heavy Plow
16:52 Gold Mining
17:59 Wheelbarrow
17:41 Town Watch
21:20 Gold Shaft Mining
26:43 Forging
26:25 Fletching
28:57 Murder Holes
32:37 Imperial Age
31:14 Hand Cart
31:00 Town Patrol
32:11 Bow Saw
35:03 Bloodlines
34:54 Husbandry
34:15 Elite Battle Elephant
35:25 Tusk Swords
35:55 Light Cavalry
36:57 Scale Barding Armor
38:41 Scale Barding Armor
38:46 Forging
38:30 Hussar
43:37 Tusk Swords
44:01 Conscription
44:24 Chain Barding Armor
44:39 Iron Casting
46:02 Plate Barding Armor
54:07 Caravan
55:21 Bodkin Arrow
claran33
7:21 Feudal Age
9:13 Wheelbarrow
8:28 Double-Bit Axe
16:16 Castle Age
14:24 Gold Mining
14:25 Stone Mining
18:13 Hand Cart
18:43 Bow Saw
19:32 Stone Mining
22:48 Gold Shaft Mining
22:21 Scale Barding Armor
22:26 Forging
24:37 Chain Barding Armor
24:53 Iron Casting
33:07 Padded Archer Armor
32:59 Fletching
36:19 Imperial Age
37:51 Leather Archer Armor
37:31 Bodkin Arrow
57:19 Caravan
|GaoeG| flamingo
8:38 Feudal Age
10:13 Double-Bit Axe
10:12 Horse Collar
12:37 Castle Age
10:53 Gold Mining
11:11 Fletching
12:20 Loom
14:07 Bow Saw
16:11 Bodkin Arrow
25:24 Redemption
27:45 Wheelbarrow
33:12 Gold Shaft Mining
32:59 Hand Cart
34:29 Town Watch
35:08 Thumb Ring
35:09 Padded Archer Armor
36:42 Bloodlines
36:32 Husbandry
40:08 Imperial Age
39:50 Leather Archer Armor
40:48 Ballistics
41:27 Bracer
42:31 Chemistry
42:36 Heavy Cavalry Archer
44:54 Ring Archer Armor
45:13 Conscription
49:45 Caravan
Connection lost

Rejoining the realm…

Still unreachable

The connection could not be restored.

Session expired

The server has moved on; the page needs a fresh start.